Map: Battle on the Boardwalk LE

Players

JohnSnow - Winner!

  • Race: Terran Terran
  • League: Gold
  • Spawn Location: 1:00

A.I. 1 (Harder)

  • Race: Terran Terran
  • Spawn Location: 11:00

VOD

Have the link to the VOD?

Description

Time

  • Played on: Jan. 19, 2018, 4:31 p.m.
  • Length: 23:37
Show
View Real Time Build Order
Export as new Build Order

JohnSnow Terran - Winner!

Build Orders: MMM Bio 

Get SALT Encoding   

  12  0:01  SCV  
  13  0:13  SCV  
  14  0:19  Supply Depot  
  14  0:25  SCV  
  15  0:41  SCV  
  16  0:43  Barracks  
  16  0:53  SCV  
  17  1:05  SCV  
  18  1:17  SCV, Refinery  
  19  1:41  Command Center  
  19  1:56  Refinery  
  19  2:04  Barracks Reactor  
  19  2:13  Barracks  
  19  2:26  Supply Depot  
  20  2:32  Orbital Command  
  19  2:42  Marine x2  
  19  2:43  Factory  
  21  2:58  Orbital Command  
  21  3:22  Supply Depot  
  21  3:28  Starport  
  21  3:30  Factory Reactor  
  21  3:33  Barracks Tech Lab  
  21  3:36  Marine x2  
  23  3:50  Supply Depot  
  23  3:53  SCV  
  23  3:54  Marine x2  
  26  4:12  Bunker, Marine  
  26  4:14  SCV x2  
  29  4:26  SCV  
  30  4:39  Supply Depot  
  30  4:40  Medivac x2  
  30  4:45  SCV x2  
  36  4:57  SCV x2  
  38  5:06  Engineering Bay  
  38  5:09  SCV x2  
  38  5:14  Marine x2  
  41  5:15  Marauder  
  41  5:20  Factory Tech Lab  
  44  5:21  SCV  
  45  5:32  Armory  
  45  5:36  Marauder  
  45  5:37  Barracks  
  45  5:39  SCV x2  
  49  5:47  Terran Infantry Weapons Level 1  
  49  5:51  SCV  
  49  5:52  SCV, Stimpack  
  51  6:03  SCV  
  52  6:10  SCV  
  53  6:14  Command Center  
  53  6:16  SCV  
  54  6:20  Supply Depot  
  54  6:22  SCV  
  55  6:27  Barracks  
  55  6:28  SCV  
  56  6:34  Marine x3  
  59  6:45  Supply Depot  
  59  6:46  Barracks Reactor  
  59  6:50  Siege Tank  
  59  6:52  Marine x3  
  65  7:02  Missile Turret  
  65  7:06  Terran Vehicle Weapons Level 1  
  65  7:08  Supply Depot  
  65  7:10  Marine x3  
  68  7:22  Refinery  
  68  7:23  Siege Tank  
  68  7:24  Refinery  
  68  7:28  Marine x3, SCV x2  
  76  7:31  Orbital Command  
  76  7:40  SCV x2  
  76  7:41  Terran Infantry Armor Level 1  
  78  7:47  Marauder, Marine x5  
  78  7:51  Medivac  
  87  7:53  Combat Shields  
  87  7:55  Siege Tank  
  90  8:05  Marine x5, Starport  
  93  8:06  Missile Turret  
  93  8:08  Marauder  
  93  8:11  SCV  
  98  8:23  SCV  
  99  8:31  Marine x3  
  99  8:32  Marine x2  
  105  8:35  SCV  
  105  8:40  Barracks Reactor  
  105  8:47  SCV  
  106  8:49  Marine  
  106  8:53  Missile Turret  
  107  9:00  SCV x2  
  107  9:01  Terran Vehicle And Ship Armor Level 1  
  109  9:18  Starport Tech Lab  
  109  9:22  Supply Depot  
  109  9:26  Supply Depot  
  109  9:35  Terran Infantry Weapons Level 2  
  109  9:43  Marine x3, SCV x3, Medivac  
  117  9:47  Marine x4  
  117  9:48  Siege Tank  
  117  9:49  Supply Depot  
  124  9:53  Missile Turret  
  124  9:56  SCV  
  125  10:00  Fusion Core  
  125  10:11  SCV x3  
  125  10:13  Refinery, Supply Depot  
  128  10:20  Siege Tank  
  131  10:23  SCV x2  
  131  10:27  Missile Turret  
  133  10:34  SCV  
  133  10:35  SCV  
  135  10:41  Marine x5  
  135  10:42  Marine  
  141  10:54  Terran Vehicle Weapons Level 2  
  141  10:56  Supply Depot  
  141  11:17  Marine x6  
  141  11:18  SCV x2  
  149  11:19  Supply Depot  
  149  11:26  Weapon Refit  
  149  11:31  Supply Depot  
  149  11:35  Supply Depot  
  149  11:38  Missile Turret  
  149  11:40  Battlecruiser, SCV x2  
  149  11:42  Supply Depot  
  157  11:47  Marine  
  157  11:48  Marauder, Siege Tank, SCV  
  157  11:51  Terran Infantry Armor Level 2  
  164  11:59  Viking  
  164  12:00  SCV  
  167  12:05  Supply Depot  
  167  12:09  Marauder  
  169  12:20  Siege Tank, Refinery  
  172  12:30  Missile Turret  
  172  12:31  Marauder  
  174  12:45  Battlecruiser  
  180  12:51  Missile Turret  
  133  13:37  Marine x2  
  133  13:38  Marine  
  133  13:40  Siege Tank  
  121  13:43  Medivac x2  
  121  13:44  Marine x2  
  121  13:45  Marine x2  
  129  13:49  Battlecruiser  
  129  13:55  Marine x3  
  136  14:02  Marine x4  
  137  14:12  Siege Tank  
  140  14:21  Supply Depot  
  140  14:29  Medivac x2  
  144  14:38  Marine x2  
  144  14:39  Marine x5  
  144  14:44  Siege Tank, Supply Depot, Terran Vehicle Weapons Level 3  
  154  14:53  Battlecruiser  
  154  14:56  Marine x3  
  154  14:57  Marine x4  
  154  14:59  Medivac x2  
  171  15:15  Orbital Command  
  171  15:16  Widow Mine  
  173  15:21  Terran Infantry Weapons Level 3  
  173  15:28  Missile Turret  
  173  15:38  Widow Mine  
  175  15:43  Marine x5  
  175  15:44  Marine x2  
  175  15:47  Missile Turret  
  182  15:50  Medivac x2  
  186  15:57  Battlecruiser  
  186  15:59  Widow Mine  
  186  16:02  Marauder  
  196  16:06  Missile Turret  
  196  16:08  Missile Turret  
  196  16:24  Marauder  
  198  16:27  Missile Turret, Refinery  
  198  16:29  Missile Turret  
  179  16:45  Marauder  
  165  16:58  Marine x6  
  165  17:01  Siege Tank  
  174  17:02  Medivac x2  
  174  17:05  Battlecruiser  
  174  17:06  Marine  
  185  17:15  Marine  
  185  17:16  Marine x2  
  185  17:21  Terran Vehicle And Ship Armor Level 2  
  188  17:24  Refinery  
  188  17:33  Siege Tank  
  184  18:05  Siege Tank  
  187  18:18  Supply Depot  
  148  19:07  Marine  
  148  19:08  Marine x6  
  146  19:10  Siege Tank  
  146  19:14  Medivac x2  
  146  19:15  Medivac  
  154  19:25  Marine  
  154  19:26  Marine x6  
  161  19:43  Siege Tank  
  161  19:44  Medivac x2  
  164  20:00  Marine x4  
  164  20:01  Marine x3  
  164  20:04  Battlecruiser  
  174  20:15  Siege Tank  
  174  20:18  Marine x6  
  174  20:19  Marine  
  184  20:24  Medivac x2  
  185  20:35  Marine  
  185  20:36  Marine x5  
  185  20:37  Marine  
  192  20:47  Siege Tank  
  195  20:53  Marine x2  
  195  20:54  Marine, Medivac  
  195  21:19  Siege Tank  
  198  21:51  Widow Mine  
Show
View Real Time Build Order
Export as new Build Order

A.I. 1 (Harder) Terran 

Build Orders: MMM Bio 

Get SALT Encoding   

  12  0:00  SCV  
  13  0:13  SCV  
  14  0:18  Supply Depot  
  14  0:25  SCV  
  15  0:39  SCV  
  16  0:43  Barracks  
  16  0:52  SCV  
  17  1:04  SCV  
  18  1:16  Command Center  
  18  1:30  Marine  
  19  1:33  Orbital Command  
  19  1:39  Supply Depot  
  19  1:46  Refinery  
  19  1:48  Marine  
  20  1:59  SCV  
  21  2:01  Barracks  
  21  2:09  Refinery  
  21  2:10  Marine  
  21  2:11  SCV  
  23  2:24  SCV  
  23  2:29  Supply Depot, Barracks Tech Lab  
  24  2:38  SCV  
  25  2:47  Marine  
  26  2:57  Refinery  
  26  2:58  Reaper  
  27  3:06  Refinery, SCV  
  27  3:07  Marine  
  27  3:10  Factory  
  29  3:19  SCV  
  30  3:24  SCV  
  30  3:26  Marauder  
  33  3:31  SCV, Barracks Tech Lab  
  34  3:36  SCV  
  35  3:43  SCV  
  35  3:46  Factory  
  35  3:47  Marine  
  35  3:48  SCV  
  38  3:54  Factory Tech Lab  
  39  3:55  SCV  
  39  4:05  Starport  
  39  4:13  Hellion  
  41  4:17  Starport  
  41  4:23  Reaper  
  42  4:31  Factory Tech Lab  
  42  4:34  Hellion  
  44  4:42  Starport Tech Lab  
  44  4:49  Hellion, Supply Depot  
  44  4:50  SCV  
  44  4:52  SCV  
  48  4:53  Starport Tech Lab  
  48  4:59  Siege Tank  
  51  5:01  Stimpack  
  51  5:02  SCV  
  51  5:04  SCV  
  53  5:11  Combat Shields  
  53  5:14  SCV  
  53  5:16  SCV  
  55  5:24  Engineering Bay  
  55  5:26  SCV  
  56  5:34  SCV, Supply Depot  
  57  5:38  SCV  
  58  5:44  Marine  
  58  5:46  SCV  
  60  5:50  Terran Infantry Armor Level 1  
  60  5:51  SCV  
  60  5:54  Marine  
  62  5:58  SCV  
  62  6:00  Supply Depot  
  62  6:03  SCV  
  64  6:05  Marauder  
  64  6:10  SCV  
  67  6:15  Marauder  
  69  6:22  SCV  
  69  6:24  SCV, Supply Depot  
  71  6:26  Reaper  
  71  6:30  Concussive Shells  
  72  6:34  SCV  
  72  6:36  SCV, Reaper  
  75  6:44  Viking  
  75  6:46  SCV  
  78  6:49  Supply Depot  
  78  6:55  Hellion  
  80  7:05  Missile Turret, Hellion  
  82  7:10  Missile Turret  
  82  7:11  SCV  
  82  7:12  Missile Turret  
  82  7:13  Supply Depot  
  82  7:14  Raven  
  85  7:16  Hellion  
  85  7:18  Missile Turret  
  87  7:24  Sensor Tower  
  87  7:26  Hellion  
  87  7:29  Armory  
  89  7:31  Bunker  
  89  7:34  Raven  
  91  7:37  Siege Tank, Supply Depot  
  91  7:39  Bunker  
  91  7:44  Terran Infantry Weapons Level 1  
  94  7:46  Barracks  
  94  7:47  Siege Tank  
  97  8:33  Barracks Reactor  
  97  9:16  Infernal Pre-Igniter, Medivac  
  97  9:17  Marauder, Medivac  
  103  9:18  Factory  
  103  9:19  Marine  
  103  9:21  Supply Depot  
  103  9:22  Terran Vehicle Weapons Level 1, Marine  
  105  9:25  Marine  
  105  9:30  Command Center, Starport  
  106  9:37  Terran Infantry Armor Level 2  
  106  9:41  Marine  
  106  9:44  Marine  
  107  9:46  Raven, Engineering Bay, Medivac  
  107  9:47  Marine  
  107  9:48  Supply Depot  
  107  9:50  Marine  
  98  9:53  Ghost Academy  
  98  9:59  Marine  
  99  10:02  Factory Tech Lab, Marine  
  99  10:04  Marine  
  99  10:07  Marine, Starport Reactor  
  101  10:11  Terran Infantry Weapons Level 2, Supply Depot  
  102  10:16  Raven  
  102  10:17  Marine  
  102  10:19  Marine  
  106  10:23  Marauder  
  106  10:26  Marauder  
  110  10:29  Raven  
  112  10:35  Supply Depot  
  112  10:43  SCV x2  
  112  10:44  Marauder, SCV  
  112  10:47  Marauder, Fusion Core  
  112  10:48  Refinery  
  119  10:55  SCV  
  120  10:57  Missile Turret, SCV x2  
  122  11:06  Marauder  
  122  11:07  Missile Turret, SCV  
  122  11:08  Refinery, Ghost  
  122  11:09  SCV  
  128  11:11  SCV  
  128  11:14  Armory  
  128  11:16  Terran Vehicle And Ship Armor Level 1  
  129  11:19  SCV  
  130  12:01  Terran Ship Weapons Level 1  
  130  12:22  Liberator  
  130  12:37  Viking, Liberator  
  130  12:38  Terran Infantry Weapons Level 3, Terran Infantry Armor Level 3  
  130  12:40  Command Center, Supply Depot  
  130  12:41  Marine  
  130  12:44  Marine  
  137  12:46  Marine  
  137  12:48  Marine  
  137  12:50  Viking  
  141  12:52  Cyclone  
  147  13:01  Advanced Ballistics  
  147  13:06  Supply Depot  
  147  13:10  Terran Vehicle Weapons Level 2  
  141  13:20  Battlecruiser  
  145  13:29  Marine  
  145  13:31  Marine  
  145  13:33  Marine  
  121  13:35  Marine  
  121  13:37  Raven  
  93  13:47  Marine  
  92  13:49  Marine  
  92  13:51  Marine  
  92  13:53  Marine  
  92  13:54  Refinery  
  92  13:55  Terran Vehicle And Ship Armor Level 2  
  95  13:58  Refinery  
  95  14:00  Medivac  
  95  14:01  Missile Turret  
  95  14:03  Missile Turret  
  95  14:04  Marine  
  95  14:07  Marine, Medivac  
  95  14:08  Siege Tank  
  95  14:09  Marauder  
  104  14:11  Marine  
  105  14:20  Medivac  
  105  14:22  Marine  
  105  14:24  Raven, Bunker, Marine  
  108  14:28  Siege Tank  
  108  14:29  Marine  
  108  14:31  Marauder  
  117  14:40  Marine  
  117  14:42  Marine  
  119  14:47  Marauder  
  119  14:50  Raven  
  119  14:52  Marauder  
  121  15:05  Viking  
  123  15:07  Viking  
  123  15:09  Marauder  
  123  15:13  Marauder  
  129  15:15  Building Armor  
  129  15:17  Neosteel Frame  
  129  15:26  Terran Ship Weapons Level 2  
  129  15:27  High Capacity Fuel Tanks  
  129  16:06  Hellion  
  129  16:08  Hellion  
  129  16:10  Siege Tank  
  129  16:11  Terran Vehicle Weapons Level 3  
  136  16:17  Supply Depot  
  134  16:26  Marine  
  134  16:27  Hellion  
  134  16:29  Siege Tank, Marine  
  134  16:31  Marine  
  127  16:33  Marine  
  127  16:37  Raven, Hi-Sec Auto Tracking  
  116  16:42  Thor  
  116  16:44  Marine  
  116  16:46  Marine  
  105  16:49  Siege Tank, Marine  
  105  16:51  Marine  
  104  17:01  Siege Tank  
  104  17:02  Marine  
  104  17:04  Marine  
  104  17:07  Marine  
  110  17:09  Marine  
  111  17:20  Marine  
  111  17:22  Marine  
  113  17:24  Siege Tank, Marine  
  113  17:26  Siege Tank  
  113  17:27  Marine  
  121  17:34  Command Center, Hellion  
  123  17:42  Terran Vehicle And Ship Armor Level 3  
  123  17:55  Siege Tank  
  123  17:56  Siege Tank, Marine  
  123  17:58  Siege Tank, Marine  
  124  18:00  Marine  
  124  18:02  Marine  
  127  18:14  Marine  
  127  18:16  Marine  
  127  18:18  Marine  
  129  18:27  Siege Tank  
  129  18:28  Siege Tank  
  134  18:53  Marine  
  134  18:55  Marine  
  118  18:57  Marine  
  118  19:00  Raven, Hellion  
  118  19:02  Siege Tank  
  106  19:04  Marine  
  106  19:08  Command Center  
  83  19:10  Marine  
  83  19:13  Siege Tank, Marine  
  83  19:15  Marine  
  83  19:16  Viking x2  
  89  19:17  Viking  
  89  19:21  Marine, Hellion  
  87  19:28  Marine  
  87  19:30  Marine  
  89  19:33  Marine  
  89  19:34  Hellion  
  90  19:39  Marine  
  90  19:42  Siege Tank  
  90  19:45  Siege Tank  
  85  19:46  Marine  
  85  19:48  Marine  
  85  19:50  SCV  
  85  19:51  Marauder, SCV  
  84  19:55  Hellion  
  84  19:57  Marine  
  79  20:04  Marine  
  79  20:06  Marine  
  68  20:12  Marine, Viking  
  68  20:13  SCV  
  66  20:15  Marine, Hellion  
  66  20:16  Siege Tank  
  66  20:17  Siege Tank, SCV x2  
  66  20:20  SCV  
  72  20:22  Marine  
  72  20:24  Marine  
  72  20:25  SCV  
  63  20:29  SCV  
  63  20:30  Marauder  
  63  20:31  SCV, Viking  
  63  20:32  SCV, Refinery  
  63  20:33  Marine  
  48  20:36  Viking, Hellion  
  48  20:37  SCV  
  48  20:39  Marine  
  48  20:41  Refinery, SCV  
  48  20:42  Marine  
  45  20:43  SCV  
  45  20:44  SCV  
  45  20:49  Starport, Hellion  
  42  20:50  Marine, Hellion  
  42  20:51  Marine  
  42  20:53  SCV  
  42  20:55  SCV  
  45  20:58  Hellion  
  45  21:01  Viking  
  42  21:04  Command Center  
  42  21:06  Viking  
  42  21:08  Marine, Refinery  
  42  21:09  Marine  
  42  21:11  SCV  
  28  21:16  SCV  
  28  21:17  SCV  
  21  21:23  SCV  
  20  21:26  Starport Reactor, Marine  
  20  21:27  Marauder  
  20  21:28  SCV  
  20  21:30  SCV  
  21  21:35  SCV  
  19  21:41  SCV  
  19  21:42  SCV  
  19  21:44  Marine  
  18  21:47  SCV  
  18  21:48  Marine  
  18  21:53  SCV  
  18  21:55  SCV  
  19  22:02  Marine  
  21  22:09  SCV  
  15  22:20  Marine  
  15  22:21  SCV  
  15  22:28  SCV  
  16  22:33  SCV  
  17  22:37  Marine  
  17  22:40  SCV  
  18  22:45  SCV  
  19  22:52  SCV  
  19  22:55  Marine  
  19  22:58  SCV  
  16  23:13  Marine  
Tags
 
Composition
MMM BioMMM Bio
League
Gold
Matchup
TvT
Race
Terran
Spawn Locations
Close Positions
Add a new tag
Caveats
  • Supply blocks, unpowered buildings, or Contaminate may cause inaccurate times.
  • Supply counts are checked every 10 seconds.